Tucson Roadrunners vs Niagara IceDogs
Created - Saturday, June 17, 2023 at 05:52
Goals
|
| Tucson Roadrunners |
0 |
1 |
3 |
4 |
| Niagara IceDogs |
5 |
1 |
1 |
7 |
|
Shots
|
| Tucson Roadrunners |
7 |
8 |
9 |
24 |
| Niagara IceDogs |
21 |
10 |
12 |
43 |
|
1st period
1. Niagara IceDogs , James Hamblin 15 (Vasili Ponomarev 34, Joseph Duszak 19) at 8:13
2. Niagara IceDogs , Joachim Blichfeld 45 (Conor Timmins 35) at 8:27
3. Niagara IceDogs , Alex Whelan 14 (James Hamblin 19, Vasili Ponomarev 35) at 13:42
4. Niagara IceDogs , Jayden Halbgewachs 38 (Joachim Blichfeld 39, Jacob MacDonald 21) at 15:54
5. Niagara IceDogs , Nicholas Robertson 11 (Ian Mitchell 41, Tim Soderlund 7) at 19:18
Penalties :
No Penalty
2nd period
6. Tucson Roadrunners , Justin Danforth 34 (Rocco Grimaldi 45, Mikhail Maltsev 17) at 16:04
7. Niagara IceDogs , Joseph Duszak 2 (Anthony Angello 23) at 17:12 (PP)
Penalties :
Ben Jones (TRR) for Tripping (Minor) at 5:56, Conor Timmins (NID) for Fighting (Major) at 16:09, Nicolas Meloche (TRR) for Fighting (Major) at 16:09, Nicolas Meloche (TRR) for instigated a fight (Minor) at 16:09, Nicolas Meloche (TRR) for instigated a fight (10 Minutes Misconduct) at 16:09
3rd period
8. Tucson Roadrunners , Rocco Grimaldi 31 (Justin Danforth 34) at 2:39
9. Tucson Roadrunners , Rocco Grimaldi 32 (Simon Benoit 13, Matthew Nieto 50) at 3:00
10. Tucson Roadrunners , Matthew Highmore 15 (Scott Reedy 40, Simon Benoit 14) at 3:48 (PP)
11. Niagara IceDogs , Joseph Duszak 3 (John Ludvig 15, Joachim Blichfeld 40) at 9:12
Penalties :
Jayden Halbgewachs (NID) for Fighting (Major) at 2:52, Carson Soucy (TRR) for Fighting (Major) at 2:52, Anthony Angello (NID) for Holding (Minor) at 3:03, Joseph Duszak (NID) for Holding (Minor) at 6:19, James Hamblin (NID) for Tripping (Minor) at 10:08, Rocco Grimaldi (TRR) for Hooking (Minor) at 13:36
Goalie Stats
Martin Jones (TRR), 36 saves from 43 shots - (0.837), L, 26-21-6, 60:00 minutes
Michael Dipietro (NID), 20 saves from 24 shots - (0.833), W, 3-4-0, 60:00 minutes
Players Stats for Tucson Roadrunners
Player Name G A P +/- PIM S H SB GA TA FO MP PP MP PK MP
------------------------------------------------------------------------------------
Andre Lee 0 0 0 -1 0 0 2 0 0 0 0/1 7:28 0:00 0:14
Ben Jones 0 0 0 -2 2 3 2 3 0 0 6/8 18:14 0:00 0:00
Carson Soucy 0 0 0 -1 5 0 2 1 0 1 0/0 20:40 1:03 2:42
Gage Goncalves 0 0 0 0 0 0 0 0 0 0 0/0 1:07 0:00 0:00
Johnathan Kovacevic 0 0 0 -2 0 0 0 0 0 1 0/0 16:32 0:47 0:23
Justin Danforth 1 1 2 2 0 3 3 0 0 1 8/16 20:10 2:32 2:11
Lukas Rousek 0 0 0 -2 0 0 2 1 0 0 0/0 13:21 0:00 0:00
Marian Studenic 0 0 0 -2 0 2 1 1 0 0 1/2 16:59 2:11 0:00
Matthew Highmore 1 0 1 -2 0 1 2 0 0 0 0/0 19:12 2:11 2:31
Matthew Nieto 0 1 1 0 0 2 4 1 0 1 2/2 23:58 2:32 2:22
Michal Kempny 0 0 0 -2 0 1 1 2 0 0 0/0 21:48 2:07 2:19
Mikhail Maltsev 0 1 1 -1 0 3 0 1 0 0 2/4 15:38 0:00 0:50
Nicolas Meloche 0 0 0 -2 17 0 3 0 0 0 0/0 14:22 0:01 1:56
Owen Sillinger 0 0 0 0 0 0 0 0 0 0 0/0 3:28 0:00 0:00
Robert Hagg 0 0 0 0 0 0 3 1 0 2 0/0 26:00 2:36 2:42
Rocco Grimaldi 2 1 3 2 2 7 0 0 3 1 0/1 19:25 2:32 1:29
Scott Reedy 0 1 1 -2 0 2 1 1 1 0 6/15 17:24 2:11 0:25
Simon Benoit 0 2 2 0 0 0 1 1 0 1 0/0 19:09 2:52 0:00
Players Stats for Niagara IceDogs
Player Name G A P +/- PIM S H SB GA TA FO MP PP MP PK MP
------------------------------------------------------------------------------------
Alex Whelan 1 0 1 2 0 1 2 0 1 0 0/0 12:23 0:08 0:00
Aliaksei Protas 0 0 0 -1 0 3 4 0 3 0 2/3 18:10 1:59 2:16
Anthony Angello 0 1 1 1 2 2 3 1 0 0 0/0 16:12 2:51 0:00
Arttu Ruotsalainen 0 0 0 -2 0 4 4 0 1 0 0/0 17:46 1:59 2:27
Conor Timmins 0 1 1 3 5 0 2 0 0 0 0/0 20:01 1:40 2:17
Filip Kral 0 0 0 0 0 0 2 0 0 0 0/0 16:15 0:02 0:00
Ian Mitchell 0 1 1 0 0 0 0 0 1 0 0/0 22:27 2:16 2:26
Jacob MacDonald 0 1 1 -1 0 0 4 3 0 0 0/0 22:47 2:16 2:26
James Hamblin 1 1 2 2 2 6 1 0 1 0 1/1 12:34 0:00 0:00
Jayden Halbgewachs 1 0 1 1 5 3 0 1 0 0 6/15 15:15 2:51 0:02
Joachim Blichfeld 1 2 3 2 0 3 3 0 1 0 0/1 19:23 2:51 2:16
John Ludvig 0 1 1 3 0 2 4 2 0 0 0/0 21:55 2:43 2:17
Joseph Duszak 2 1 3 2 2 5 0 0 0 1 0/0 17:27 1:05 0:00
Nicholas Robertson 1 0 1 1 0 5 3 0 0 0 0/0 10:38 0:00 0:00
Ostap Safin 0 0 0 1 0 2 2 0 0 1 0/0 10:14 0:00 0:00
Rasmus Asplund 0 0 0 -2 0 3 2 2 0 0 8/19 17:33 2:00 2:27
Tim Soderlund 0 1 1 1 0 0 0 0 0 2 4/5 11:48 0:13 0:00
Vasili Ponomarev 0 2 2 2 0 4 3 0 0 0 3/5 12:26 0:11 0:00
3 Stars
1 - Joachim Blichfeld (NID)
2 - Joseph Duszak (NID)
3 - Rocco Grimaldi (TRR)
Power Play
Tucson Roadrunners - 1 on 3 Attempt(s) - 33.33%
Niagara IceDogs - 1 on 3 Attempt(s) - 33.33%
Penalty Kill
Tucson Roadrunners - 2 on 3 Attempt(s) - 66.67%
- Score 0 goal in Penalty Kill
Niagara IceDogs - 2 on 3 Attempt(s) - 66.67%
- Score 0 goal in Penalty Kill
Team Stat
Tucson Roadrunners - Hits : 27 - Faceoff Wins : 25 - Blocked Shots : 13 - Penalty Minutes : 26
Niagara IceDogs - Hits : 39 - Faceoff Wins : 24 - Blocked Shots : 9 - Penalty Minutes : 16
Official
Referees : Dennis LaRue and Dan O'Rourke
Linesman : Mike Cvik and Brad Kovachik
Game Notes
16:04 of 2nd period - Tucson Roadrunners goal is going for a video replay. After video review, Goal.
Conor Timmins and Nicolas Meloche fight to a draw at 16:09 of 2nd period
Jayden Halbgewachs and Carson Soucy fight to a draw at 2:52 of 3rd period
9:12 of 3rd period - Niagara IceDogs goal is going for a video replay. After video review, Goal.
Ostap Safin is injured at 17:51 of 3rd period (Bruised Right Leg)
Tucson Roadrunners
5 vs 5 Forward
Center Left Wing Right Wing Time % Phy DF OF
1 Justin Danforth Matthew Nieto Rocco Grimaldi 30 1 2 2
2 Scott Reedy Matthew Highmore Marian Studenic 30 1 2 2
3 Mikhail Maltsev Lukas Rousek Ben Jones 25 1 2 2
4 Ben Jones Andre Lee Matthew Nieto 15 1 2 2
5 vs 5 Defense
Defense Defense Time % Phy DF OF
1 Carson Soucy Robert Hagg 30 1 2 2
2 Nicolas Meloche Michal Kempny 30 1 2 2
3 Simon Benoit Johnathan Kovacevic 25 1 2 2
4 Carson Soucy Robert Hagg 15 1 2 2
PowerPlay Forward
Center Left Wing Right Wing Time % Phy DF OF
1 Justin Danforth Matthew Nieto Rocco Grimaldi 50 1 2 2
2 Scott Reedy Matthew Highmore Marian Studenic 50 1 2 2
PowerPlay Defense
Defense Defense Time % Phy DF OF
1 Carson Soucy Robert Hagg 50 1 2 2
2 Nicolas Meloche Michal Kempny 50 1 2 2
Penalty Kill 4 Players Forward
Center Wing Time % Phy DF OF
1 Matthew Nieto Rocco Grimaldi 50 1 2 2
2 Justin Danforth Matthew Highmore 50 1 2 2
Penalty Kill 4 Players Defense
Defense Defense Time % Phy DF OF
1 Carson Soucy Robert Hagg 50 1 2 2
2 Nicolas Meloche Michal Kempny 50 1 2 2
Penalty Kill - 3 Players Forward
Forward Time % Phy DF OF
1 Matthew Nieto 50 1 2 2
2 Rocco Grimaldi 50 1 2 2
Penalty Kill - 3 Players Defense
Defense Defense Time % Phy DF OF
1 Carson Soucy Robert Hagg 50 1 2 2
2 Nicolas Meloche Michal Kempny 50 1 2 2
4 vs 4 Forward
Center Wing Time % Phy DF OF
1 Matthew Nieto Rocco Grimaldi 50 1 2 2
2 Justin Danforth Matthew Highmore 50 1 2 2
4 vs 4 Defense
Defense Defense Time % Phy DF OF
1 Carson Soucy Robert Hagg 50 1 2 2
2 Nicolas Meloche Michal Kempny 50 1 2 2
Last Minutes Offensive
Center Left Wing Right Wing Defense Defense
Justin Danforth Matthew Nieto Rocco Grimaldi Carson Soucy Robert Hagg
Last Minutes Defensive
Center Left Wing Right Wing Defense Defense
Justin Danforth Matthew Nieto Rocco Grimaldi Carson Soucy Robert Hagg
Goaltenders
Starting : Martin Jones
Backup : Jaroslav Halak
Extra Forwards
Normal : Owen Sillinger, Gage Goncalves, Mikhail Maltsev - PP : Owen Sillinger, Gage Goncalves - PK : Mikhail Maltsev
Extra Defensemen
Normal : Simon Benoit, Johnathan Kovacevic, Nicolas Meloche - PP : Simon Benoit - PK : Johnathan Kovacevic, Nicolas Meloche
Penalty Shots
Matthew Nieto, Rocco Grimaldi, Justin Danforth, Matthew Highmore, Scott Reedy
Niagara IceDogs
5 vs 5 Forward
Center Left Wing Right Wing Time % Phy DF OF
1 Rasmus Asplund Arttu Ruotsalainen Aliaksei Protas 30 1 2 2
2 Jayden Halbgewachs Joachim Blichfeld Anthony Angello 30 1 2 2
3 Vasili Ponomarev James Hamblin Alex Whelan 25 1 2 2
4 Tim Soderlund Nicholas Robertson Ostap Safin 15 1 2 2
5 vs 5 Defense
Defense Defense Time % Phy DF OF
1 Ian Mitchell Jacob MacDonald 35 1 2 2
2 Conor Timmins John Ludvig 35 1 2 2
3 Joseph Duszak Filip Kral 30 1 2 2
4 Ian Mitchell Jacob MacDonald 0 1 2 2
PowerPlay Forward
Center Left Wing Right Wing Time % Phy DF OF
1 Rasmus Asplund Arttu Ruotsalainen Aliaksei Protas 50 1 2 2
2 Jayden Halbgewachs Joachim Blichfeld Anthony Angello 50 1 2 2
PowerPlay Defense
Defense Defense Time % Phy DF OF
1 Ian Mitchell Jacob MacDonald 50 1 2 2
2 Conor Timmins John Ludvig 50 1 2 2
Penalty Kill 4 Players Forward
Center Wing Time % Phy DF OF
1 Rasmus Asplund Arttu Ruotsalainen 50 1 2 2
2 Aliaksei Protas Joachim Blichfeld 50 1 2 2
Penalty Kill 4 Players Defense
Defense Defense Time % Phy DF OF
1 Ian Mitchell Jacob MacDonald 50 1 2 2
2 Conor Timmins John Ludvig 50 1 2 2
Penalty Kill - 3 Players Forward
Forward Time % Phy DF OF
1 Rasmus Asplund 50 1 2 2
2 Arttu Ruotsalainen 50 1 2 2
Penalty Kill - 3 Players Defense
Defense Defense Time % Phy DF OF
1 Ian Mitchell Jacob MacDonald 50 1 2 2
2 Conor Timmins John Ludvig 50 1 2 2
4 vs 4 Forward
Center Wing Time % Phy DF OF
1 Rasmus Asplund Arttu Ruotsalainen 50 1 2 2
2 Aliaksei Protas Joachim Blichfeld 50 1 2 2
4 vs 4 Defense
Defense Defense Time % Phy DF OF
1 Ian Mitchell Jacob MacDonald 50 1 2 2
2 Conor Timmins John Ludvig 50 1 2 2
Last Minutes Offensive
Center Left Wing Right Wing Defense Defense
Rasmus Asplund Arttu Ruotsalainen Aliaksei Protas Ian Mitchell Jacob MacDonald
Last Minutes Defensive
Center Left Wing Right Wing Defense Defense
Rasmus Asplund Arttu Ruotsalainen Aliaksei Protas Ian Mitchell Jacob MacDonald
Goaltenders
Starting : Michael Dipietro
Backup : Dylan Ferguson
Extra Forwards
Normal : Tim Soderlund, Vasili Ponomarev, James Hamblin - PP : Tim Soderlund, Vasili Ponomarev - PK : James Hamblin
Extra Defensemen
Normal : Joseph Duszak, Filip Kral, Conor Timmins - PP : Joseph Duszak - PK : Filip Kral, Conor Timmins
Penalty Shots
Rasmus Asplund, Arttu Ruotsalainen, Aliaksei Protas, Joachim Blichfeld, Jayden Halbgewachs
% Time on Ice - Tucson Roadrunners
Lines # - Real PCT - Wanted PCT - Time Play
Normal Forward
1 - 30% - 30% - 14:51
2 - 31% - 30% - 15:24
3 - 27% - 25% - 13:21
4 - 13% - 15% - 6:40
Normal Defense
1 - 30% - 30% - 15:09
2 - 34% - 30% - 16:53
3 - 25% - 25% - 12:21
4 - 12% - 15% - 5:53
PP Forward
1 - 54% - 50% - 2:32
2 - 46% - 50% - 2:11
PP Defense
1 - 55% - 50% - 2:36
2 - 45% - 50% - 2:07
PK Forward
1 - 56% - 50% - 2:50
2 - 44% - 50% - 2:11
PK Defense
1 - 54% - 50% - 2:42
2 - 46% - 50% - 2:19
PK3 Forward
1 - 0% - 50%
2 - 0% - 50%
PK3 Defense
1 - 0% - 50%
2 - 0% - 50%
44 Forward
1 - 0% - 50%
2 - 0% - 50%
44 Defense
1 - 0% - 50%
2 - 0% - 50%
Last Minute Offensive - 0:00
Last Minute Defensive - 0:00
Total
Forward - 60:00
Defense - 60:00
|
% Time on Ice - Niagara IceDogs
Lines # - Real PCT - Wanted PCT - Time Play
Normal Forward
1 - 26% - 30% - 13:07
2 - 29% - 30% - 14:26
3 - 24% - 25% - 12:05
4 - 21% - 15% - 10:38
Normal Defense
1 - 35% - 35% - 17:34
2 - 36% - 35% - 17:52
3 - 29% - 30% - 14:42
4 - 0% - 0% - 0:08
PP Forward
1 - 41% - 50% - 2:02
2 - 59% - 50% - 2:59
PP Defense
1 - 45% - 50% - 2:16
2 - 55% - 50% - 2:45
PK Forward
1 - 52% - 50% - 2:27
2 - 48% - 50% - 2:16
PK Defense
1 - 52% - 50% - 2:26
2 - 48% - 50% - 2:17
PK3 Forward
1 - 0% - 50%
2 - 0% - 50%
PK3 Defense
1 - 0% - 50%
2 - 0% - 50%
44 Forward
1 - 0% - 50%
2 - 0% - 50%
44 Defense
1 - 0% - 50%
2 - 0% - 50%
Last Minute Offensive - 0:00
Last Minute Defensive - 0:00
Total
Forward - 60:00
Defense - 60:00
|
Play-by-Play
1st period
0:01 of 1st period - Justin Danforth wins face-off versus Rasmus Asplund in neutral zone.
0:20 of 1st period - Matthew Nieto is hit by Jacob MacDonald and loses puck.
1:56 of 1st period - Snap shot by James Hamblin.
1:56 of 1st period - Stopped by Martin Jones with a rebound.
1:58 of 1st period - Slapshot by John Ludvig.
1:58 of 1st period - Deflect By Matthew Nieto.
1:58 of 1st period - Stopped by Martin Jones with a rebound.
2:00 of 1st period - Wrist shot by Vasili Ponomarev.
2:00 of 1st period - Shot Misses the Net.
2:02 of 1st period - Snap shot by Alex Whelan.
2:02 of 1st period - Shot Misses the Net.
3:35 of 1st period - Rocco Grimaldi is hit by Ostap Safin and loses puck.
4:18 of 1st period - Jacob MacDonald is hit by Simon Benoit and loses puck.
5:15 of 1st period - Nicolas Meloche is hit by Jacob MacDonald and loses puck.
5:40 of 1st period - Matthew Highmore is hit by Conor Timmins and loses puck.
5:56 of 1st period - Icing by Ostap Safin.
5:57 of 1st period - Tim Soderlund wins face-off versus Mikhail Maltsev in Niagara IceDogs zone.
6:18 of 1st period - Jacob MacDonald is hit by Lukas Rousek and loses puck.
6:23 of 1st period - Wrist shot by Mikhail Maltsev.
6:23 of 1st period - Stopped by Michael Dipietro with a rebound.
6:31 of 1st period - Ben Jones is hit by Jacob MacDonald and loses puck.
6:53 of 1st period - Mikhail Maltsev is hit by John Ludvig and loses puck.
7:04 of 1st period - Slapshot by Arttu Ruotsalainen.
7:04 of 1st period - Shot Misses the Net.
7:06 of 1st period - Slapshot by Joseph Duszak.
7:06 of 1st period - Stopped by Martin Jones without a rebound.
7:07 of 1st period - Scott Reedy wins face-off versus Jayden Halbgewachs in Tucson Roadrunners zone.
7:14 of 1st period - Snap shot by Marian Studenic.
7:14 of 1st period - Stopped by Michael Dipietro with a rebound.
7:16 of 1st period - Snap shot by Marian Studenic.
7:16 of 1st period - Stopped by Michael Dipietro with a rebound.
7:18 of 1st period - Wrist shot by Scott Reedy.
7:18 of 1st period - Stopped by Michael Dipietro without a rebound.
7:19 of 1st period - Justin Danforth wins face-off versus Vasili Ponomarev in Niagara IceDogs zone.
7:57 of 1st period - Snap shot by James Hamblin.
7:57 of 1st period - Stopped by Martin Jones with a rebound.
7:59 of 1st period - Slapshot by Joseph Duszak.
7:59 of 1st period - Stopped by Martin Jones with a rebound.
8:01 of 1st period - Snap shot by James Hamblin.
8:01 of 1st period - Shot Misses the Net.
8:09 of 1st period - Snap shot by James Hamblin.
8:09 of 1st period - Stopped by Martin Jones with a rebound.
8:11 of 1st period - Snap shot by James Hamblin.
8:11 of 1st period - Shot Misses the Net.
8:13 of 1st period - Snap shot by James Hamblin.
8:13 of 1st period - Goal by James Hamblin - Tucson Roadrunners : 0 - Niagara IceDogs : 1.
8:14 of 1st period - Scott Reedy wins face-off versus Jayden Halbgewachs in neutral zone.
8:23 of 1st period - Conor Timmins is hit by Nicolas Meloche.
8:27 of 1st period - Wrist shot by Joachim Blichfeld.
8:27 of 1st period - Goal by Joachim Blichfeld - Tucson Roadrunners : 0 - Niagara IceDogs : 2.
8:28 of 1st period - Jayden Halbgewachs wins face-off versus Ben Jones in neutral zone.
8:37 of 1st period - Wrist shot by Matthew Nieto.
8:37 of 1st period - Stopped by Michael Dipietro with a rebound.
8:39 of 1st period - Slapshot by Carson Soucy.
8:39 of 1st period - Deflect By Ben Jones.
8:39 of 1st period - Shot Misses the Net.
8:39 of 1st period - Puck is out of play.
8:40 of 1st period - Jayden Halbgewachs wins face-off versus Ben Jones in Niagara IceDogs zone.
9:05 of 1st period - Conor Timmins is hit by Nicolas Meloche and loses puck.
9:15 of 1st period - Icing by Michal Kempny.
9:16 of 1st period - Jayden Halbgewachs wins face-off versus Scott Reedy in Tucson Roadrunners zone.
9:17 of 1st period - Wrist shot by Joachim Blichfeld.
9:17 of 1st period - Shot Misses the Net.
9:30 of 1st period - Slapshot by Joachim Blichfeld.
9:30 of 1st period - Shot Misses the Net.
9:32 of 1st period - Slapshot by Jacob MacDonald.
9:32 of 1st period - Shot Misses the Net.
10:04 of 1st period - Snap shot by Matthew Nieto.
10:04 of 1st period - Shot Blocked by John Ludvig.
10:48 of 1st period - Snap shot by Rocco Grimaldi.
10:48 of 1st period - Shot Blocked by Anthony Angello.
11:00 of 1st period - Wrist shot by Jayden Halbgewachs.
11:00 of 1st period - Stopped by Martin Jones with a rebound.
11:02 of 1st period - Backhand shot by Ian Mitchell.
11:02 of 1st period - Shot Blocked by Ben Jones.
11:28 of 1st period - Scott Reedy is hit by Vasili Ponomarev and loses puck.
11:45 of 1st period - Jacob MacDonald is hit by Carson Soucy.
12:11 of 1st period - Scott Reedy is hit by Arttu Ruotsalainen and loses puck.
12:44 of 1st period - Snap shot by Joachim Blichfeld.
12:44 of 1st period - Stopped by Martin Jones without a rebound.
12:45 of 1st period - Mikhail Maltsev wins face-off versus Jayden Halbgewachs in Tucson Roadrunners zone.
13:16 of 1st period - Wrist shot by Rasmus Asplund.
13:16 of 1st period - Shot Hit the Post.
13:18 of 1st period - Wrist shot by Rasmus Asplund.
13:18 of 1st period - Stopped by Martin Jones with a rebound.
13:32 of 1st period - Snap shot by Vasili Ponomarev.
13:32 of 1st period - Stopped by Martin Jones without a rebound.
13:33 of 1st period - Vasili Ponomarev wins face-off versus Scott Reedy in Tucson Roadrunners zone.
13:34 of 1st period - Snap shot by James Hamblin.
13:34 of 1st period - Stopped by Martin Jones with a rebound.
13:38 of 1st period - Snap shot by James Hamblin.
13:38 of 1st period - Shot Blocked by Michal Kempny.
13:40 of 1st period - Snap shot by James Hamblin.
13:40 of 1st period - Stopped by Martin Jones with a rebound.
13:42 of 1st period - Wrist shot by Alex Whelan.
13:42 of 1st period - Goal by Alex Whelan - Tucson Roadrunners : 0 - Niagara IceDogs : 3.
13:43 of 1st period - Ben Jones wins face-off versus Joachim Blichfeld in neutral zone.
14:08 of 1st period - Robert Hagg is hit by Aliaksei Protas and loses puck.
14:17 of 1st period - Robert Hagg is hit by Aliaksei Protas and loses puck.
14:49 of 1st period - Ben Jones is hit by Nicholas Robertson and loses puck.
15:22 of 1st period - Off-side.
15:23 of 1st period - Mikhail Maltsev wins face-off versus Rasmus Asplund in neutral zone.
15:26 of 1st period - Wrist shot by Ben Jones.
15:26 of 1st period - Deflect By Rasmus Asplund.
15:26 of 1st period - Shot Misses the Net.
15:26 of 1st period - Puck is out of play.
15:27 of 1st period - Rasmus Asplund wins face-off versus Mikhail Maltsev in Niagara IceDogs zone.
15:32 of 1st period - Snap shot by Ben Jones.
15:32 of 1st period - Stopped by Michael Dipietro with a rebound.
15:34 of 1st period - Snap shot by Simon Benoit.
15:34 of 1st period - Shot Misses the Net.
15:36 of 1st period - Snap shot by Ben Jones.
15:36 of 1st period - Stopped by Michael Dipietro with a rebound.
15:38 of 1st period - Wrist shot by Lukas Rousek.
15:38 of 1st period - Deflect By Mikhail Maltsev.
15:38 of 1st period - Shot Misses the Net.
15:38 of 1st period - Puck is out of play.
15:39 of 1st period - Ben Jones wins face-off versus Jayden Halbgewachs in Niagara IceDogs zone.
15:44 of 1st period - Wrist shot by Matthew Nieto.
15:44 of 1st period - Shot Misses the Net.
15:54 of 1st period - Slapshot by Jayden Halbgewachs.
15:54 of 1st period - Goal by Jayden Halbgewachs - Tucson Roadrunners : 0 - Niagara IceDogs : 4.
15:55 of 1st period - Vasili Ponomarev wins face-off versus Justin Danforth in neutral zone.
15:58 of 1st period - Backhand shot by John Ludvig.
15:58 of 1st period - Stopped by Martin Jones without a rebound.
15:59 of 1st period - James Hamblin wins face-off versus Justin Danforth in Tucson Roadrunners zone.
16:02 of 1st period - Snap shot by James Hamblin.
16:02 of 1st period - Deflect By Vasili Ponomarev.
16:02 of 1st period - Stopped by Martin Jones with a rebound.
16:24 of 1st period - John Ludvig is hit by Scott Reedy and loses puck.
16:41 of 1st period - Rasmus Asplund is hit by Carson Soucy and loses puck.
16:54 of 1st period - Snap shot by Aliaksei Protas.
16:54 of 1st period - Stopped by Martin Jones with a rebound.
17:31 of 1st period - Wrist shot by Matthew Highmore.
17:31 of 1st period - Shot Hit the Post.
18:21 of 1st period - Marian Studenic is hit by Alex Whelan and loses puck.
18:49 of 1st period - Nicholas Robertson is hit by Ben Jones and loses puck.
19:16 of 1st period - Snap shot by Nicholas Robertson.
19:16 of 1st period - Stopped by Martin Jones with a rebound.
19:18 of 1st period - Snap shot by Nicholas Robertson.
19:18 of 1st period - Goal by Nicholas Robertson - Tucson Roadrunners : 0 - Niagara IceDogs : 5.
19:19 of 1st period - Jayden Halbgewachs wins face-off versus Marian Studenic in neutral zone.
19:31 of 1st period - Snap shot by Marian Studenic.
19:31 of 1st period - Shot Blocked by John Ludvig.
19:45 of 1st period - John Ludvig is hit by Justin Danforth and loses puck.
Goals for this period are 0 for Tucson Roadrunners vs 5 for Niagara IceDogs.
Shots for this period are 7 for Tucson Roadrunners vs 21 for Niagara IceDogs.
2nd period
0:01 of 2nd period - Ben Jones wins face-off versus Rasmus Asplund in neutral zone.
0:10 of 2nd period - Filip Kral is hit by Robert Hagg and loses puck.
1:08 of 2nd period - Mikhail Maltsev is hit by Filip Kral and loses puck.
2:14 of 2nd period - Wrist shot by Vasili Ponomarev.
2:14 of 2nd period - Shot Blocked by Marian Studenic.
2:16 of 2nd period - Slapshot by Jacob MacDonald.
2:16 of 2nd period - Deflect By Nicholas Robertson.
2:16 of 2nd period - Stopped by Martin Jones with a rebound.
2:18 of 2nd period - Snap shot by Ostap Safin.
2:18 of 2nd period - Stopped by Martin Jones without a rebound.
2:19 of 2nd period - Tim Soderlund wins face-off versus Scott Reedy in Tucson Roadrunners zone.
2:32 of 2nd period - Backhand shot by Nicholas Robertson.
2:32 of 2nd period - Shot Blocked by Mikhail Maltsev.
2:34 of 2nd period - Snap shot by Ostap Safin.
2:34 of 2nd period - Stopped by Martin Jones with a rebound.
2:36 of 2nd period - Snap shot by Nicholas Robertson.
2:36 of 2nd period - Stopped by Martin Jones with a rebound.
2:38 of 2nd period - Wrist shot by Nicholas Robertson.
2:38 of 2nd period - Shot Misses the Net.
2:40 of 2nd period - Slapshot by Ian Mitchell.
2:40 of 2nd period - Shot Blocked by Ben Jones.
2:42 of 2nd period - Slapshot by Ian Mitchell.
2:42 of 2nd period - Shot Blocked by Robert Hagg.
2:44 of 2nd period - Snap shot by Ostap Safin.
2:44 of 2nd period - Shot Blocked by Carson Soucy.
3:04 of 2nd period - Vasili Ponomarev is hit by Matthew Nieto and loses puck.
3:23 of 2nd period - Snap shot by Aliaksei Protas.
3:23 of 2nd period - Stopped by Martin Jones without a rebound.
3:24 of 2nd period - Rasmus Asplund wins face-off versus Scott Reedy in Tucson Roadrunners zone.
4:15 of 2nd period - Carson Soucy is hit by Vasili Ponomarev and loses puck.
4:38 of 2nd period - Slapshot by Nicholas Robertson.
4:38 of 2nd period - Stopped by Martin Jones with a rebound.
4:40 of 2nd period - Slapshot by Filip Kral.
4:40 of 2nd period - Shot Misses the Net.
4:50 of 2nd period - Marian Studenic is hit by Aliaksei Protas and loses puck.
5:56 of 2nd period - Minor Penalty to Ben Jones for Tripping.
5:57 of 2nd period - Justin Danforth wins face-off versus Rasmus Asplund in Tucson Roadrunners zone.
5:57 of 2nd period - Justin Danforth is hit by Arttu Ruotsalainen.
7:56 of 2nd period - Penalty to Ben Jones is over, Ben Jones is back on ice.
8:42 of 2nd period - Conor Timmins is hit by Matthew Nieto and loses puck.
9:43 of 2nd period - Simon Benoit is hit by Nicholas Robertson and loses puck.
10:00 of 2nd period - Justin Danforth is hit by Arttu Ruotsalainen and loses puck.
10:13 of 2nd period - Alex Whelan is hit by Matthew Highmore and loses puck.
11:02 of 2nd period - Michal Kempny is hit by Alex Whelan and loses puck.
12:03 of 2nd period - Scott Reedy is hit by Conor Timmins and loses puck.
12:29 of 2nd period - Carson Soucy is hit by Nicholas Robertson and loses puck.
13:05 of 2nd period - Mikhail Maltsev is hit by Anthony Angello and loses puck.
13:27 of 2nd period - Scott Reedy is hit by Arttu Ruotsalainen and loses puck.
13:50 of 2nd period - Johnathan Kovacevic is hit by John Ludvig and loses puck.
14:16 of 2nd period - Andre Lee is hit by Anthony Angello.
14:28 of 2nd period - Robert Hagg is hit by Aliaksei Protas and loses puck.
14:52 of 2nd period - Owen Sillinger is hit by Jacob MacDonald and loses puck.
15:11 of 2nd period - Justin Danforth is hit by Ostap Safin and loses puck.
15:21 of 2nd period - Icing by Mikhail Maltsev.
15:22 of 2nd period - Justin Danforth wins face-off versus Jayden Halbgewachs in Tucson Roadrunners zone.
15:36 of 2nd period - Snap shot by Rocco Grimaldi.
15:36 of 2nd period - Stopped by Michael Dipietro with a rebound.
15:38 of 2nd period - Slapshot by Mikhail Maltsev.
15:38 of 2nd period - Shot Misses the Net.
15:40 of 2nd period - Slapshot by Mikhail Maltsev.
15:40 of 2nd period - Stopped by Michael Dipietro with a rebound.
15:42 of 2nd period - Snap shot by Rocco Grimaldi.
15:42 of 2nd period - Shot Misses the Net.
15:44 of 2nd period - Slapshot by Rocco Grimaldi.
15:44 of 2nd period - Shot Misses the Net.
15:46 of 2nd period - Snap shot by Robert Hagg.
15:46 of 2nd period - Shot Blocked by Jacob MacDonald.
15:50 of 2nd period - Slapshot by Rocco Grimaldi.
15:50 of 2nd period - Stopped by Michael Dipietro with a rebound.
15:52 of 2nd period - Snap shot by Justin Danforth.
15:52 of 2nd period - Stopped by Michael Dipietro with a rebound.
15:54 of 2nd period - Backhand shot by Rocco Grimaldi.
15:54 of 2nd period - Shot Misses the Net.
15:56 of 2nd period - Slapshot by Robert Hagg.
15:56 of 2nd period - Shot Blocked by Jayden Halbgewachs.
15:58 of 2nd period - Slapshot by Rocco Grimaldi.
15:58 of 2nd period - Stopped by Michael Dipietro with a rebound.
16:00 of 2nd period - Slapshot by Mikhail Maltsev.
16:00 of 2nd period - Shot Blocked by Jacob MacDonald.
16:02 of 2nd period - Slapshot by Rocco Grimaldi.
16:02 of 2nd period - Shot Misses the Net.
16:04 of 2nd period - Wrist shot by Justin Danforth.
16:04 of 2nd period - Tucson Roadrunners goal is going for a video replay.
16:04 of 2nd period - The goal is good.
16:04 of 2nd period - Goal by Justin Danforth - Tucson Roadrunners : 1 - Niagara IceDogs : 5.
16:05 of 2nd period - Scott Reedy wins face-off versus Rasmus Asplund in neutral zone.
16:09 of 2nd period - Conor Timmins and Nicolas Meloche fight to a draw.
16:09 of 2nd period - Penalty to Conor Timmins for Fighting.
16:09 of 2nd period - Penalty to Nicolas Meloche for Fighting.
16:09 of 2nd period - Penalty to Nicolas Meloche for instigated a fight.
16:09 of 2nd period - Penalty to Nicolas Meloche for instigated a fight.
16:10 of 2nd period - Matthew Nieto wins face-off versus Jayden Halbgewachs in Niagara IceDogs zone.
16:39 of 2nd period - Snap shot by Justin Danforth.
16:39 of 2nd period - Shot Misses the Net.
16:51 of 2nd period - Snap shot by Jayden Halbgewachs.
16:51 of 2nd period - Shot Misses the Net.
17:10 of 2nd period - Snap shot by Joseph Duszak.
17:10 of 2nd period - Stopped by Martin Jones with a rebound.
17:12 of 2nd period - Slapshot by Joseph Duszak.
17:12 of 2nd period - Goal by Joseph Duszak - Tucson Roadrunners : 1 - Niagara IceDogs : 6.
17:13 of 2nd period - Rasmus Asplund wins face-off versus Rocco Grimaldi in neutral zone.
17:24 of 2nd period - Wrist shot by Justin Danforth.
17:24 of 2nd period - Stopped by Michael Dipietro with a rebound.
17:26 of 2nd period - Snap shot by Matthew Nieto.
17:26 of 2nd period - Shot Misses the Net.
17:28 of 2nd period - Snap shot by Matthew Nieto.
17:28 of 2nd period - Shot Blocked by Rasmus Asplund.
17:38 of 2nd period - Michal Kempny is hit by Vasili Ponomarev and loses puck.
17:43 of 2nd period - Backhand shot by Vasili Ponomarev.
17:43 of 2nd period - Stopped by Martin Jones with a rebound.
17:45 of 2nd period - Snap shot by James Hamblin.
17:45 of 2nd period - Shot Blocked by Simon Benoit.
17:47 of 2nd period - Slapshot by Filip Kral.
17:47 of 2nd period - Shot Misses the Net.
18:05 of 2nd period - Snap shot by Mikhail Maltsev.
18:05 of 2nd period - Stopped by Michael Dipietro with a rebound.
18:07 of 2nd period - Snap shot by Lukas Rousek.
18:07 of 2nd period - Shot Misses the Net.
18:09 of 2nd period - Wrist shot by Lukas Rousek.
18:09 of 2nd period - Shot Misses the Net.
18:48 of 2nd period - Carson Soucy is hit by John Ludvig and loses puck.
18:59 of 2nd period - John Ludvig is hit by Matthew Nieto and loses puck.
19:37 of 2nd period - Justin Danforth is hit by Anthony Angello and loses puck.
19:48 of 2nd period - Wrist shot by Jayden Halbgewachs.
19:48 of 2nd period - Shot Hit the Post.
19:50 of 2nd period - Wrist shot by Anthony Angello.
19:50 of 2nd period - Stopped by Martin Jones with a rebound.
Goals for this period are 1 for Tucson Roadrunners vs 1 for Niagara IceDogs.
Shots for this period are 8 for Tucson Roadrunners vs 10 for Niagara IceDogs.
3rd period
0:01 of 3rd period - Jayden Halbgewachs wins face-off versus Andre Lee in neutral zone.
0:01 of 3rd period - Jayden Halbgewachs is hit by Andre Lee.
0:25 of 3rd period - Marian Studenic is hit by Rasmus Asplund and loses puck.
0:34 of 3rd period - Slapshot by Scott Reedy.
0:34 of 3rd period - Stopped by Michael Dipietro without a rebound.
0:35 of 3rd period - Justin Danforth wins face-off versus Rasmus Asplund in Niagara IceDogs zone.
0:36 of 3rd period - Snap shot by Rocco Grimaldi.
0:36 of 3rd period - Shot Misses the Net.
1:26 of 3rd period - Snap shot by Mikhail Maltsev.
1:26 of 3rd period - Shot Blocked by Jacob MacDonald.
1:28 of 3rd period - Wrist shot by Mikhail Maltsev.
1:28 of 3rd period - Shot Misses the Net.
1:30 of 3rd period - Snap shot by Ben Jones.
1:30 of 3rd period - Shot Misses the Net.
1:32 of 3rd period - Snap shot by Ben Jones.
1:32 of 3rd period - Stopped by Michael Dipietro with a rebound.
1:57 of 3rd period - Snap shot by Vasili Ponomarev.
1:57 of 3rd period - Deflect By James Hamblin.
1:57 of 3rd period - Shot Blocked by Scott Reedy.
1:57 of 3rd period - Puck is out of play.
1:58 of 3rd period - Rasmus Asplund wins face-off versus Scott Reedy in Tucson Roadrunners zone.
1:59 of 3rd period - Wrist shot by Arttu Ruotsalainen.
1:59 of 3rd period - Stopped by Martin Jones with a rebound.
2:01 of 3rd period - Snap shot by Aliaksei Protas.
2:01 of 3rd period - Deflect By Rasmus Asplund.
2:01 of 3rd period - Stopped by Martin Jones with a rebound.
2:03 of 3rd period - Snap shot by Rasmus Asplund.
2:03 of 3rd period - Stopped by Martin Jones with a rebound.
2:12 of 3rd period - Off-side.
2:13 of 3rd period - Ben Jones wins face-off versus Jayden Halbgewachs in neutral zone.
2:16 of 3rd period - Joachim Blichfeld is hit by Robert Hagg and loses puck.
2:25 of 3rd period - Snap shot by Jayden Halbgewachs.
2:25 of 3rd period - Stopped by Martin Jones without a rebound.
2:26 of 3rd period - Matthew Nieto wins face-off versus Rasmus Asplund in Tucson Roadrunners zone.
2:35 of 3rd period - Slapshot by Rocco Grimaldi.
2:35 of 3rd period - Stopped by Michael Dipietro without a rebound.
2:36 of 3rd period - Justin Danforth wins face-off versus Rasmus Asplund in Niagara IceDogs zone.
2:37 of 3rd period - Wrist shot by Rocco Grimaldi.
2:37 of 3rd period - Shot Blocked by Rasmus Asplund.
2:39 of 3rd period - Snap shot by Rocco Grimaldi.
2:39 of 3rd period - Goal by Rocco Grimaldi - Tucson Roadrunners : 2 - Niagara IceDogs : 6.
2:40 of 3rd period - Ben Jones wins face-off versus Jayden Halbgewachs in neutral zone.
2:45 of 3rd period - Wrist shot by Matthew Nieto.
2:45 of 3rd period - Stopped by Michael Dipietro without a rebound.
2:46 of 3rd period - Ben Jones wins face-off versus Jayden Halbgewachs in Niagara IceDogs zone.
2:52 of 3rd period - Jayden Halbgewachs and Carson Soucy fight to a draw.
2:52 of 3rd period - Penalty to Jayden Halbgewachs for Fighting.
2:52 of 3rd period - Penalty to Carson Soucy for Fighting.
2:53 of 3rd period - Rasmus Asplund wins face-off versus Justin Danforth in Niagara IceDogs zone.
2:56 of 3rd period - Backhand shot by Rocco Grimaldi.
2:56 of 3rd period - Stopped by Michael Dipietro with a rebound.
2:58 of 3rd period - Slapshot by Simon Benoit.
2:58 of 3rd period - Shot Misses the Net.
3:00 of 3rd period - Slapshot by Rocco Grimaldi.
3:00 of 3rd period - Goal by Rocco Grimaldi - Tucson Roadrunners : 3 - Niagara IceDogs : 6.
3:01 of 3rd period - Tim Soderlund wins face-off versus Scott Reedy in neutral zone.
3:03 of 3rd period - Minor Penalty to Anthony Angello for Holding.
3:04 of 3rd period - Justin Danforth wins face-off versus Rasmus Asplund in Niagara IceDogs zone.
3:30 of 3rd period - Scott Reedy is hit by Rasmus Asplund and loses puck.
3:34 of 3rd period - Icing by Scott Reedy.
3:35 of 3rd period - Rasmus Asplund wins face-off versus Scott Reedy in Tucson Roadrunners zone.
3:48 of 3rd period - Wrist shot by Matthew Highmore.
3:48 of 3rd period - Goal by Matthew Highmore - Tucson Roadrunners : 4 - Niagara IceDogs : 6.
3:49 of 3rd period - Tim Soderlund wins face-off versus Justin Danforth in neutral zone.
3:54 of 3rd period - Snap shot by Anthony Angello.
3:54 of 3rd period - Stopped by Martin Jones with a rebound.
5:08 of 3rd period - Wrist shot by Rocco Grimaldi.
5:08 of 3rd period - Shot Misses the Net.
5:33 of 3rd period - Arttu Ruotsalainen is hit by Andre Lee and loses puck.
5:44 of 3rd period - Ian Mitchell is hit by Marian Studenic.
6:11 of 3rd period - Wrist shot by Vasili Ponomarev.
6:11 of 3rd period - Stopped by Martin Jones without a rebound.
6:12 of 3rd period - Scott Reedy wins face-off versus Tim Soderlund in Tucson Roadrunners zone.
6:12 of 3rd period - Scott Reedy is hit by Filip Kral.
6:19 of 3rd period - Minor Penalty to Joseph Duszak for Holding.
6:20 of 3rd period - Rasmus Asplund wins face-off versus Justin Danforth in Niagara IceDogs zone.
6:50 of 3rd period - Arttu Ruotsalainen is hit by Robert Hagg and loses puck.
7:52 of 3rd period - Penalty to Jayden Halbgewachs is over, Jayden Halbgewachs is back on ice.
8:12 of 3rd period - Rasmus Asplund is hit by Justin Danforth and loses puck.
8:19 of 3rd period - Penalty to Joseph Duszak is over, Joseph Duszak is back on ice.
8:49 of 3rd period - Robert Hagg is hit by John Ludvig and loses puck.
9:06 of 3rd period - Slapshot by Aliaksei Protas.
9:06 of 3rd period - Stopped by Martin Jones with a rebound.
9:08 of 3rd period - Wrist shot by Joachim Blichfeld.
9:08 of 3rd period - Stopped by Martin Jones with a rebound.
9:10 of 3rd period - Snap shot by John Ludvig.
9:10 of 3rd period - Shot Blocked by Lukas Rousek.
9:12 of 3rd period - Snap shot by Joseph Duszak.
9:12 of 3rd period - Niagara IceDogs goal is going for a video replay.
9:12 of 3rd period - The goal is good.
9:12 of 3rd period - Goal by Joseph Duszak - Tucson Roadrunners : 4 - Niagara IceDogs : 7.
9:13 of 3rd period - Scott Reedy wins face-off versus Vasili Ponomarev in neutral zone.
9:50 of 3rd period - Icing by Simon Benoit.
9:51 of 3rd period - Vasili Ponomarev wins face-off versus Justin Danforth in Tucson Roadrunners zone.
9:52 of 3rd period - Wrist shot by Alex Whelan.
9:52 of 3rd period - Shot Blocked by Michal Kempny.
10:08 of 3rd period - Minor Penalty to James Hamblin for Tripping.
10:09 of 3rd period - Marian Studenic wins face-off versus Aliaksei Protas in Niagara IceDogs zone.
10:09 of 3rd period - Snap shot by Scott Reedy.
10:09 of 3rd period - Deflect By Marian Studenic.
10:09 of 3rd period - Shot Misses the Net.
10:09 of 3rd period - Puck is out of play.
10:10 of 3rd period - Aliaksei Protas wins face-off versus Scott Reedy in Niagara IceDogs zone.
10:39 of 3rd period - Off-side.
10:40 of 3rd period - Aliaksei Protas wins face-off versus Justin Danforth in neutral zone.
10:43 of 3rd period - Justin Danforth is hit by Joachim Blichfeld and loses puck.
11:02 of 3rd period - Aliaksei Protas is hit by Michal Kempny and loses puck.
11:09 of 3rd period - 10 Minutes Misconduct Penalty to Nicolas Meloche is over.
11:29 of 3rd period - Slapshot by Michal Kempny.
11:29 of 3rd period - Stopped by Michael Dipietro without a rebound.
11:30 of 3rd period - Scott Reedy wins face-off versus Rasmus Asplund in Niagara IceDogs zone.
12:08 of 3rd period - Penalty to James Hamblin is over, James Hamblin is back on ice.
12:21 of 3rd period - Snap shot by Mikhail Maltsev.
12:21 of 3rd period - Shot Misses the Net.
12:31 of 3rd period - Snap shot by Rasmus Asplund.
12:31 of 3rd period - Shot Blocked by Ben Jones.
12:33 of 3rd period - Slapshot by Conor Timmins.
12:33 of 3rd period - Shot Misses the Net.
12:35 of 3rd period - Snap shot by Arttu Ruotsalainen.
12:35 of 3rd period - Stopped by Martin Jones with a rebound.
12:37 of 3rd period - Snap shot by Arttu Ruotsalainen.
12:37 of 3rd period - Stopped by Martin Jones without a rebound.
12:38 of 3rd period - Jayden Halbgewachs wins face-off versus Scott Reedy in Tucson Roadrunners zone.
12:51 of 3rd period - Anthony Angello is hit by Matthew Highmore and loses puck.
13:23 of 3rd period - Snap shot by Lukas Rousek.
13:23 of 3rd period - Shot Misses the Net.
13:36 of 3rd period - Minor Penalty to Rocco Grimaldi for Hooking.
13:37 of 3rd period - Justin Danforth wins face-off versus Rasmus Asplund in Tucson Roadrunners zone.
14:45 of 3rd period - Nicolas Meloche is hit by Joachim Blichfeld and loses puck.
15:36 of 3rd period - Penalty to Rocco Grimaldi is over, Rocco Grimaldi is back on ice.
15:40 of 3rd period - Wrist shot by Vasili Ponomarev.
15:40 of 3rd period - Shot Misses the Net.
16:13 of 3rd period - Joseph Duszak is hit by Ben Jones and loses puck.
17:50 of 3rd period - Ostap Safin is hit by Matthew Nieto and loses puck.
17:51 of 3rd period - Ostap Safin from Niagara IceDogs is injured at 17:51 of 3rd period (Bruised Right Leg).
17:52 of 3rd period - Rasmus Asplund wins face-off versus Justin Danforth in Niagara IceDogs zone.
17:52 of 3rd period - Rasmus Asplund is hit by Justin Danforth.
17:58 of 3rd period - Wrist shot by Arttu Ruotsalainen.
17:58 of 3rd period - Shot Misses the Net.
18:06 of 3rd period - Slapshot by Arttu Ruotsalainen.
18:06 of 3rd period - Stopped by Martin Jones with a rebound.
18:08 of 3rd period - Slapshot by John Ludvig.
18:08 of 3rd period - Shot Blocked by Matthew Nieto.
18:41 of 3rd period - Mikhail Maltsev is hit by James Hamblin and loses puck.
18:52 of 3rd period - Alex Whelan is hit by Lukas Rousek and loses puck.
19:25 of 3rd period - Michal Kempny is hit by Joachim Blichfeld and loses puck.
19:54 of 3rd period - Joseph Duszak is hit by Nicolas Meloche and loses puck.
Goals for this period are 3 for Tucson Roadrunners vs 1 for Niagara IceDogs.
Shots for this period are 9 for Tucson Roadrunners vs 12 for Niagara IceDogs.
Back to the Top